 Dungeon Crawl Stone Soup version 0.29-a0-275-g389c0b56f3 (webtiles) character file.

Game seed: 15784001441181453481

1034 kae the Ruffian (level 8, -8/63 HPs)
             Began as a Green Draconian Transmuter on Mar 10, 2022.
             Mangled by a warg (13 damage)
             ... on level 6 of the Dungeon.
             The game lasted 00:03:30 (6393 turns).

kae the Ruffian (Green Draconian Transmuter)        Turns: 6393, Time: 00:03:31

Health: -8/63      AC:  2    Str: 14    XL:     8   Next: 3%
Magic:  11/12      EV: 24    Int: 14    God:
Gold:   231        SH:  0    Dex: 17    Spells: 5/13 levels left

rFire   + . .      SeeInvis .     - Unarmed
rCold   + . .      Faith    .   (shield currently unavailable)
rNeg    . . .      Spirit   .   (body armour unavailable)
rPois   .          Reflect  .   (helmet currently unavailable)
rElec   +          Harm     .   (cloak currently unavailable)
rCorr   +          Rampage  .   (gloves currently unavailable)
Will    .....                   (boots currently unavailable)
Stlth   ++........              h - amulet of magic regeneration
HPRegen 0.20/turn               b - +4 ring of evasion
MPRegen 0.53/turn               g - ring of resist corrosion

@: spider-form (expiring), resistant, very slightly contaminated, invisible
A: venomous fangs, (breathe noxious fumes), AC +6, tiny, unfitting armour,
(poison resistance), (cold-blooded)
a: End Transformation


You were on level 6 of the Dungeon.
You were a venomous arachnid creature.
You visited 1 branch of the dungeon, and saw 6 of its levels.

You collected 231 gold pieces.

Inventory:

Missiles
 k - 2 throwing nets
Armour
 m - a +0 pair of gloves (melded)
 n - a +2 hat (melded)
Jewellery
 b - a +4 ring of evasion (left front leg)
 g - a ring of resist corrosion (right front leg)
 h - an amulet of magic regeneration (around neck)
Scrolls
 a - 2 scrolls of blinking
 c - 2 scrolls of identify
 j - a scroll of teleportation
 p - 2 scrolls of amnesia
Potions
 d - a potion of degeneration
 e - a potion of attraction
 f - a potion of flight
 i - a potion of brilliance
 l - 2 potions of curing
 o - a potion of magic


   Skills:
 + Level 3.4 Fighting
 + Level 3.3 Dodging
 * Level 5.4 Unarmed Combat
 + Level 3.3 Spellcasting
 * Level 4.9 Transmutations
 * Level 3.0 Ice Magic
 - Level 2.4 Poison Magic


You had 5 spell levels left.
You knew the following spells:

 Your Spells              Type           Power      Damage    Failure   Level
a - Beastly Appendage     Tmut           32%        N/A       10%         1
b - Spider Form           Tmut/Pois      12%        N/A       32%         3
c - Ice Form              Ice/Tmut       13%        N/A       61%         4

Your spell library contained the following spells:

 Spells                   Type           Power      Damage    Failure   Level
 Wereblood                Tmut           16%        N/A       13%         2
 Freeze                   Ice            40%        1d6       17%         1
 Frozen Ramparts          Ice            20%        1d4       38%         3
 Summon Small Mammal      Summ           8%         N/A       43%         1
 Call Canine Familiar     Summ           2%         N/A       75%         3
 Portal Projectile        Hex/Tloc       4%         N/A       75%         3
 Summon Guardian Golem    Hex/Summ       2%         N/A       75%         3
 Blade Hands              Tmut           8%         N/A       80%         5
 Hailstorm                Conj/Ice       6%         3d4       88%         4
 Excruciating Wounds      Necr           1%         N/A       100%        5


Dungeon Overview and Level Annotations

Branches:
Dungeon (6/15)
 Temple: D:4-7

Altars:
Okawaru

Shops:
D:2 ((   D:3 (

Annotations:
D:3 2 transporters, gilleain's ghost, amateur HuCj


Innate Abilities, Weirdness & Mutations

You are a venomous arachnid creature.
You have poisonous fangs.
You are tiny and dextrous.
Your spellcasting is less reliable in this form.
Your armour is entirely melded.
You are incapable of wielding weapons or throwing items.
((You can breathe blasts of noxious fumes.))
((Your lurid green scales are hard. (AC +6)))
You cannot fit into any form of body armour.
((Your system is resistant to poisons. (rPois)))
((You are cold-blooded and may be slowed by cold attacks.))


Message History

The hound barely misses you. The warg bites you!
You bite the hound!
You kill the hound!
The warg completely misses you.
The howler monkey hoots and howls with incredible vigour!
You hear a shout! x2
Your Ice Magic skill increases to level 3!
You hit the warg but do no damage. The warg bites you but does no damage.
The howler monkey misses you.
You hit the howler monkey.
The howler monkey is poisoned.
The howler monkey is lightly wounded.
The warg bites you!
* * * LOW HITPOINT WARNING * * *
The howler monkey hoots and howls with incredible vigour!
The warg closely misses you.
You hear a shout!
You bite the warg!
The warg is moderately wounded.
The howler monkey misses you. The warg closely misses you.
You bite the warg!
The warg is severely wounded.
The howler monkey hits you.
* * * LOW HITPOINT WARNING * * *
The warg closely misses you.
It was a potion of invisibility.
You fade into invisibility!
The howler monkey hoots and howls with incredible vigour!
The warg completely misses you.
You hear a shout!
It was a potion of resistance.
You feel protected.
The howler monkey completely misses you.
The warg closely misses you.
The howler monkey completely misses you.
You barely miss the warg.
The warg is severely wounded.
Your transformation is almost over.
The warg completely misses you. The howler monkey misses you.
The warg bites you!
You die...

#....≈≈≈.# #....≈≈###+#
#....≈≈#...#############
#....≈≈#.o.#............
#....≈≈#####≈≈≈≈≈≈≈≈≈≈≈≈
#....≈≈≈≈≈≈≈≈≈≈≈≈≈≈≈≈≈≈≈
#....≈≈≈≈≈≈≈≈†≈≈≈≈≈≈≈≈≈≈
#..............Ph.....[.
#......P.......shh......
########################


You could see a warg and 2 howler monkeys.

Vanquished Creatures
  A steam dragon (D:6)
  An ice beast (D:6)
  A black bear (D:6)
  A sky beast (D:5)
  An ogre (D:4)
  2 howler monkeys (D:6)
  2 orc priests
  5 hounds (D:6)
  A jelly (D:4)
  An iguana (D:5)
  Jessica (D:2)
  2 orc wizards (D:5)
  5 adders
  2 ufetubi
  A worm (D:2)
  3 dart slugs
  7 orcs
  3 bats
  7 endoplasms
  2 giant cockroaches
  6 goblins
  9 hobgoblins
  3 quokkas
  4 ball pythons
  A frilled lizard (D:1)
  9 kobolds
  5 rats
86 creatures vanquished.

Notes
Turn   | Place    | Note
-------+----------+-------------------------------------------
     0 | D:1      | kae the Draconian Transmuter began the quest for the Orb.
     0 | D:1      | Reached XP level 1. HP: 16/16 MP: 3/3
   620 | D:1      | Reached XP level 2. HP: 22/23 MP: 3/5
   685 | D:1      | Found a faded altar of an unknown god.
  1110 | D:2      | Found Qaural's Antique Weapon Boutique.
  1327 | D:2      | Reached XP level 3. HP: 28/28 MP: 4/6
  1363 | D:2      | Found Eloiddyg's Weapon Shop.
  1381 | D:2      | Noticed Jessica
  1397 | D:2      | HP: 1/28 [Jessica/+0 club (4)]
  1403 | D:2      | Killed Jessica
  1761 | D:2      | Learned a level 3 spell: Spider Form
  2371 | D:2      | Reached XP level 4. HP: 36/36 MP: 5/7
  2408 | D:2      | You fall into a shaft and drop 1 floor!
  2563 | D:3      | Found Qojaat's Weapon Shop.
  2828 | D:3      | Noticed gilleain's ghost (amateur HuCj)
  2829 | D:3      | Found a transporter.
  2941 | D:3      | Found a transporter.
  3651 | D:4      | Noticed an ogre
  3658 | D:4      | Killed an ogre
  3659 | D:4      | Reached skill level 4 in Unarmed Combat
  3659 | D:4      | Reached skill level 1 in Poison Magic
  3659 | D:4      | Reached XP level 5. HP: 41/41 MP: 6/8
  3861 | D:4      | Found an iron altar of Okawaru.
  4432 | D:5      | Entered Level 5 of the Dungeon
  4486 | D:5      | Reached XP level 6. HP: 36/49 MP: 9/9
  4491 | D:5      | Learned a level 4 spell: Ice Form
  4634 | D:5      | Noticed a sky beast
  4661 | D:5      | Killed a sky beast
  5019 | D:5      | Reached skill level 1 in Ice Magic
  5843 | D:6      | Your scales start taking on a lurid green colour.
  5843 | D:6      | Reached XP level 7. HP: 56/56 MP: 11/11
  5843 | D:6      | Gained mutation: Your system is resistant to poisons.
                  | (rPois) [Green Draconian growth]
  5866 | D:6      | Reached skill level 5 in Unarmed Combat
  5958 | D:6      | Noticed a steam dragon
  5966 | D:6      | Killed a steam dragon
  6084 | D:6      | Noticed a cyclops
  6382 | D:6      | Reached XP level 8. HP: 40/63 MP: 9/12
  6393 | D:6      | Mangled by a warg

Illustrated notes

Levels and vault maps discovered:
D:1:      lightli_arrival_lavapool, layout_basic,
          ebering_ecumenical_altar_abandoned
D:2:      layout_loops_ring, serial_shops, nicolae_shop_bloodbath_and_beyond,
          shop_statue, uniq_jessica
D:3:      layout_loops_ring, gammafunk_ghost_arena, serial_shops,
          nicolae_shop_statue_plus
D:4:      layout_loops_cross, mainiacjoe_overflow_alcove_4, chequers_avenue
D:5:      layout_cave_pods, kennysheep_generic_room_10
D:6:      lemuel_castle_with_subvaults [lemuel_castle_interior_carwin_1],
          layout_basic, kennysheep_generic_room_3

Skill      XL: |  1  2  3  4  5  6  7  8 |
---------------+-------------------------+-----
Dodging        | 2 3 |  3.3
Transmutations | 3 4 |  4.9
Fighting       | 2 3 |  3.4
Unarmed Combat | 4 5 |  5.4
Poison Magic   | 1 2 |  2.4
Ice Magic      | 1 2 3 |  3.0
Spellcasting   | 3 |  3.3

Action                   |  1- 3 |  4- 6 |  7- 9 || total
-------------------------+-------+-------+-------++-------
Melee: Unarmed           |    95 |   154 |    37 ||   286
       Kick              |    16 |    22 |       ||    38
       Tailslap          |     6 |    10 |     2 ||    18
       Headbutt          |     5 |    10 |       ||    15
       Punch             |     1 |     1 |       ||     2
 Cast: Beastly Appendage |    23 |    23 |       ||    46
       Spider Form       |       |    11 |     3 ||    14
       Ice Form          |       |       |     1 ||     1
  Use: Scroll            |     3 |    11 |     1 ||    15
       Potion            |     1 |       |     2 ||     3
 Stab: Sleeping          |       |       |     1 ||     1
Armor: Skin              |    33 |    38 |     9 ||    80
Dodge: Dodged            |    64 |   139 |    62 ||   265

Table legend: (Time is in decaauts)
 A = Elapsed time spent in this place.
 B = Non-inter-level travel time spent in this place.
 C = Inter-level travel time spent in this place.
 D = Time resting spent in this place.
 E = Time spent auto-exploring this place.
 F = Levels seen in this place.
 G = Mean time per level.
                   A        B        C        D        E       F      G
               +--------+--------+--------+--------+--------+-----+--------+
         Total |   6381 |   6180 |    201 |   1121 |   4208 |   6 | 1063.5 |
       Dungeon |   6381 |   6180 |    201 |   1121 |   4208 |   6 | 1063.5 |
               +--------+--------+--------+--------+--------+-----+--------+

Top non-repeatable levels by time:
     D:2: 1466 daAuts
     D:5: 1287 daAuts
     D:3: 1090 daAuts
     D:1: 1081 daAuts
     D:4: 791 daAuts
     D:6: 664 daAuts
